 Dungeon Crawl Stone Soup version 0.27-a0-1188-g73eefd5def (webtiles) character file.

Game seed: 10291161391837723624

15979 Kuinu the Covert (level 12, -5/78 HPs)
             Began as a Kobold Brigand on May 21, 2021.
             Was an Elder of Dithmenos.
             Slain by a fire elemental (6 damage)
             ... summoned by a deep elf pyromancer
             ... while paralysed by a deep elf pyromancer
             ... on level 10 of the Dungeon.
             The game lasted 00:41:46 (16535 turns).

Kuinu the Covert (Kobold Brigand)                  Turns: 16535, Time: 00:41:47

Health: -5/78      AC: 10    Str:  9    XL:     12   Next: 64%
Magic:  12/12      EV:  3    Int: 12    God:    Dithmenos [****..]
Gold:   351        SH:  0    Dex: 21    Spells: 11/11 levels left

rFire    + . .     SeeInvis .   J - +6 quick blade
rCold    . . .     Faith    .   F - +2 buckler {AC+3}
rNeg     + . .     Spirit   .   w - +2 leather armour {rF+}
rPois    .         Reflect  .   (no helmet)
rElec    .         Harm     .   c - +1 cloak
rCorr    .         Rampage  .   (no gloves)
Will     .....                  (no boots)
Stlth    ++++++++++             (no amulet)
HPRegen  0.23/turn              H - ring of positive energy
MPRegen  0.13/turn              (no ring)

@: paralysed, wreathed by umbra
A: small, no large weapons, nightstalker 3
a: Renounce Religion, Shadow Step


You were on level 10 of the Dungeon.
You worshipped Dithmenos.
Dithmenos was greatly pleased with you.
You visited 1 branch of the dungeon, and saw 10 of its levels.
You also visited: Sewer and Bailey.

You collected 587 gold pieces.
You spent 236 gold pieces at shops.

Inventory:

Hand Weapons
 a - a +3 dagger
 r - a +0 whip of flaming
 v - a +3 short sword
 y - a +0 rapier
 C - a +1 dagger of speed
 J - a +6 quick blade (weapon)
Missiles
 d - 53 poisoned darts
 h - 5 atropa-tipped darts (quivered)
 o - a throwing net
Armour
 b - a +0 robe
 c - a +1 cloak (worn)
 s - a +0 leather armour
 w - a +2 leather armour of fire resistance (worn)
 E - the +1 ring mail of Weightlessness {Harm Dex+5}
   (You found it on level 6 of the Dungeon)

   It affects your dexterity (+5).
   It increases damage dealt and taken.
 F - a +2 buckler of protection (worn)
 G - the +7 tower shield "Juisuc" {rN+ Str+3}
   (You found it on level 7 of the Dungeon)

   It affects your strength (+3).
   It protects you from negative energy.
Jewellery
 x - a ring of magical power
 H - a ring of positive energy (left hand)
Wands
 e - a wand of polymorph (13)
 l - a wand of acid (10)
 t - a wand of iceblast (9)
 z - a wand of paralysis (8)
Scrolls
 f - 3 scrolls of vulnerability
 u - a scroll of identify
 A - 2 scrolls of enchant weapon
 B - a scroll of amnesia
 I - 2 scrolls of enchant armour
Potions
 g - 5 potions of curing
 i - 2 potions of flight
 j - a potion of cancellation
 k - 2 potions of attraction
 m - 5 potions of degeneration
 n - 3 potions of mutation
 p - 3 potions of magic
 q - 4 potions of brilliance
 D - a potion of haste
Miscellaneous
 L - a condenser vane (inert)


   Skills:
 * Level 10.4 Fighting
 * Level 12.2 Short Blades
 - Level 2.1 Throwing
 - Level 2.0 Armour
 * Level 11.1 Dodging
 * Level 13.8 Stealth
 + Level 3.7 Shields


You had 11 spell levels left.
You didn't know any spells.
Your spell library contained the following spells:

 Spells                   Type           Power      Damage    Failure   Level
 Corona                   Hex            0%         N/A       47%         1
 Sandblast                Erth           0%         2d4       47%         1
 Searing Ray              Conj           0%         3d3       63%         2
 Slow                     Hex            0%         N/A       63%         2
 Static Discharge         Conj/Air       0%         N/A       63%         2
 Inner Flame              Hex/Fire       0%         N/A       85%         3
 Portal Projectile        Hex/Tloc       0%         N/A       85%         3
 Cause Fear               Hex            0%         N/A       99%         4
 Leda's Liquefaction      Hex/Erth       0%         N/A       99%         4
 Statue Form              Tmut/Erth      0%         N/A       100%        6
 Shatter                  Erth           0%         3d5*      100%        9


Dungeon Overview and Level Annotations

Branches:
Dungeon (10/15)            Temple (0/1) D:5           Sewer (visited)
 Bailey (visited)
   Lair: D:8-11         Orc: D:9-12

Altars:
Ashenzari
Cheibriados
Dithmenos
Elyvilon
Fedhas
Nemelex Xobeh
Okawaru
Qazlal
Sif Muna
Wu Jian
Xom
Yredelemnul

Shops:
D:7 [

Annotations:
D:5 1 transporter, bmj180's ghost, novice DrCj


Innate Abilities, Weirdness & Mutations

You are small and have problems with some larger weapons.
You are completely attuned to the shadows.


Message History

The orc looks even sicker.
You kill the orc!
Dithmenos accepts your kill.
The deep elf pyromancer is engulfed in poison gas.
The deep elf pyromancer looks even sicker.
The deep elf pyromancer points at you and mumbles some strange words.
The sticky flame misses you.
You feel better.
The fire elemental completely misses you.
The fire elemental hits you. The fire elemental burns you! You resist.
* * * LOW HITPOINT WARNING * * *
The deep elf pyromancer is engulfed in poison gas.
The deep elf pyromancer looks even sicker.
The deep elf pyromancer zaps a wand.
You easily resist.
You block the fire elemental's attack. The fire elemental hits you.
The fire elemental burns you! You resist.
* * * LOW HITPOINT WARNING * * *
You feel better.
The deep elf pyromancer is engulfed in poison gas.
The deep elf pyromancer looks as sick as possible!
The deep elf pyromancer zaps a wand.
You suddenly lose the ability to move!
The fire elemental hits you. The fire elemental burns you! You resist.
* * * LOW HITPOINT WARNING * * *
The fire elemental hits you. The fire elemental burns you! You resist.
* * * LOW HITPOINT WARNING * * *
The fire elemental hits you. The fire elemental burns you! You resist.
* * * LOW HITPOINT WARNING * * *
The fire elemental hits you. The fire elemental burns you! You resist.
* * * LOW HITPOINT WARNING * * *
The fire elemental barely misses you.
The deep elf pyromancer is engulfed in poison gas.
The deep elf pyromancer looks as sick as possible!
The deep elf pyromancer hits you with a +0 long sword.
* * * LOW HITPOINT WARNING * * *
The fire elemental hits you. The fire elemental burns you! You resist.
* * * LOW HITPOINT WARNING * * *
The fire elemental hits you. The fire elemental burns you! You resist.
* * * LOW HITPOINT WARNING * * *
The fire elemental hits you. The fire elemental burns you! You resist.
You die...

#...... #......
#§§.... #EE§...
#@E§... ###§e○...
##############≈§§§§...
..........)...≈#§#≈°..
......).....)..+_+....
............).)#+# ..
....<)........≈≈.≈≈
....)[.............
################...


You could see a deep elf pyromancer (extremely poisoned) and 3 fire elementals.

Vanquished Creatures
  A two-headed ogre (D:8)
  The ghost of Anon1729 the Carver, a novice BaMo of Xom (D:7)
  Pikel (D:7)
  The ghost of Cralpanu the Summoner, a novice TeSu of the Shining One (D:6)
  A meliai (D:9)
  2 polar bears (D:8)
  A hornet (D:5)
  Grinder (D:4)
  Sigmund (D:6)
  A yak (D:7)
  2 steam dragons
  4 vampire mosquitoes (D:8)
  An acid dragon (D:9)
  5 ice beasts (D:8)
  7 orc warriors
  A sky beast (D:6)
  3 necrophages
  4 ogres
  A centaur (D:9)
  2 wolves (D:8)
  3 kobold brigands
  2 bullfrogs
  A gnoll sergeant (D:5)
  4 scorpions
  A water moccasin zombie (D:3)
  A hornet simulacrum (D:8)
  A water moccasin skeleton (D:5)
  4 killer bees (D:9)
  6 wights
  2 electric eels (D:8)
  A bullfrog zombie (D:6)
  3 centaur zombies
  6 hounds
  A gnoll shaman (D:5)
  2 orc priests
  A bullfrog skeleton (D:5)
  A centaur skeleton (D:5)
  An iguana (D:5)
  Natasha (thrice) (D:4)
  11 orc wizards
  A killer bee zombie (D:6)
  A centaur simulacrum (D:8)
  A hound zombie (D:5)
  2 howler monkey zombies
  8 adders
  16 gnolls
  10 river rats (Sewer)
  5 white imps (D:8)
  An ufetubus (D:8)
  2 adder skeletons (D:4)
  3 worms
  3 dart slugs
  36 orcs
  9 endoplasms
  7 giant cockroaches
  14 goblins
  6 hobgoblins
  6 jackals
  11 quokkas
  6 ball pythons
  5 bats
  3 frilled lizards
  30 kobolds
  18 rats
300 creatures vanquished.

Vanquished Creatures (others)
  6 plants (D:5)
6 creatures vanquished.

Grand Total: 306 creatures vanquished

Notes
Turn   | Place    | Note
-------+----------+-------------------------------------------
     0 | D:1      | Kuinu the Kobold Brigand began the quest for the Orb.
     0 | D:1      | Reached XP level 1. HP: 12/12 MP: 1/1
   155 | D:1      | Reached XP level 2. HP: 18/18 MP: 2/2
   406 | D:1      | Found a faded altar of an unknown god.
   665 | D:1      | Reached XP level 3. HP: 18/22 MP: 3/3
  1963 | D:2      | Reached XP level 4. HP: 27/27 MP: 4/4
  1964 | D:2      | Reached skill level 6 in Stealth
  2384 | D:2      | Reached XP level 5. HP: 32/32 MP: 5/5
  2736 | D:3      | Found a shadowy altar of Dithmenos.
  2736 | D:3      | Found a sparkling altar of Nemelex Xobeh.
  2742 | D:3      | Became a worshipper of Dithmenos the Shadowed
  2794 | D:3      | Found a glowing drain.
  2805 | Sewer    | Entered a sewer
  3358 | Sewer    | Reached XP level 6. HP: 31/37 MP: 6/6
  3894 | Sewer    | Reached * piety under Dithmenos
  3895 | Sewer    | Reached skill level 7 in Stealth
  3959 | Sewer    | Reached skill level 5 in Short Blades
  4455 | Sewer    | Reached XP level 7. HP: 39/43 MP: 7/7
  5190 | D:3      | Found an ornate altar of the Wu Jian Council.
  5315 | D:5      | Entered Level 5 of the Dungeon
  5628 | D:4      | Reached ** piety under Dithmenos
  5823 | D:4      | Found an iron altar of Okawaru.
  5823 | D:4      | Noticed Grinder
  5827 | D:4      | Killed Grinder
  5828 | D:4      | Reached skill level 5 in Fighting
  5828 | D:4      | Reached skill level 5 in Dodging
  5828 | D:4      | Reached skill level 8 in Stealth
  5828 | D:4      | Reached XP level 8. HP: 49/49 MP: 8/8
  5836 | D:4      | Noticed Natasha
  5840 | D:4      | Killed Natasha
  5856 | D:4      | Noticed Natasha
  5874 | D:4      | Killed Natasha
  5986 | D:4      | Noticed Natasha
  6000 | D:4      | Killed Natasha
  6842 | D:5      | Noticed a hornet
  6846 | D:5      | Killed a hornet
  6847 | D:5      | Reached skill level 9 in Stealth
  6878 | D:5      | Reached *** piety under Dithmenos
  7113 | D:5      | Reached XP level 9. HP: 55/55 MP: 9/9
  7342 | D:5      | Found a transporter.
  7363 | D:5      | Found a transporter.
  7590 | D:5      | Identified the Tome of Damaging Clay
  7655 | D:5      | Found a staircase to the Ecumenical Temple.
  8033 | D:5      | Noticed bmj180's ghost (novice DrCj)
  8375 | D:6      | Reached skill level 10 in Stealth
  8549 | D:6      | Found a stormy altar of Qazlal.
  8723 | D:6      | Found a runed translucent gate.
  8724 | D:6      | Found a runed translucent gate.
  8724 | D:6      | Noticed Cralpanu's ghost (novice TeSu)
  8725 | D:6      | Found a basalt altar of Yredelemnul.
  8725 | D:6      | Found a runed translucent gate.
  9181 | D:6      | Noticed Sigmund
  9264 | D:6      | Killed Sigmund
  9688 | D:6      | Killed Cralpanu's ghost
  9689 | D:6      | Reached XP level 10. HP: 31/63 MP: 10/10
  9689 | D:6      | Identified the +1 ring mail of Weightlessness {Harm Dex+5}
 10046 | D:7      | Found a shimmering altar of Xom.
 10061 | D:7      | Found Gouleequ's Armour Shop.
 10064 | D:7      | Bought a +2 buckler of protection for 236 gold pieces
 10105 | D:7      | Found a runed translucent door.
 10280 | D:7      | Identified the +7 tower shield "Juisuc" {rN+ Str+3}
 10342 | D:7      | Reached skill level 11 in Stealth
 10910 | D:7      | Noticed Anon1729's ghost (novice BaMo)
 10914 | D:7      | Killed Anon1729's ghost
 10915 | D:7      | Reached skill level 1 in Shields
 11039 | D:8      | Noticed a two-headed ogre
 11043 | D:8      | Killed a two-headed ogre
 11230 | D:8      | Reached skill level 10 in Short Blades
 11787 | D:8      | Reached skill level 12 in Stealth
 11787 | D:8      | Reached XP level 11. HP: 29/69 MP: 11/11
 11994 | D:8      | Reached **** piety under Dithmenos
 12208 | D:8      | Found a blossoming altar of Fedhas.
 12640 | D:8      | Noticed Pikel
 12739 | D:7      | Killed Pikel
 13856 | D:9      | Noticed a boulder beetle
 13858 | D:9      | Noticed a catoblepas
 13898 | D:9      | Found a broken altar of Ashenzari.
 13949 | D:10     | Entered Level 10 of the Dungeon
 14204 | D:9      | Reached skill level 10 in Dodging
 14207 | D:9      | Found a shimmering blue altar of Sif Muna.
 14276 | D:9      | Found a white marble altar of Elyvilon.
 14360 | D:9      | Noticed a two-headed ogre
 14367 | D:9      | Found a flagged portal.
 14390 | Bailey   | Entered a bailey
 14638 | Bailey   | Noticed an orc warlord
 15019 | Bailey   | Found a runed translucent gate.
 15020 | Bailey   | Found a runed translucent gate.
 15021 | Bailey   | Found a runed translucent gate.
 15273 | Bailey   | Reached ***** piety under Dithmenos
 15838 | D:9      | Noticed a five-headed hydra
 16187 | D:10     | Reached skill level 10 in Fighting
 16187 | D:10     | Reached skill level 13 in Stealth
 16187 | D:10     | Reached XP level 12. HP: 72/78 MP: 12/12
 16416 | D:10     | Identified a scroll of acquirement
 16416 | D:10     | Acquired a +6 quick blade
 16498 | D:10     | Found a snail-covered altar of Cheibriados.
 16523 | D:10     | Paralysed by a deep elf pyromancer for 7 turns
 16533 | D:10     | Paralysed by a deep elf pyromancer for 4 turns
 16535 | D:10     | HP: 1/78 [fire elemental[a deep elf pyromancer] (3)]
 16535 | D:10     | Slain by a fire elemental

Illustrated notes

Levels and vault maps discovered:
D:1:      minmay_arrival_solitary_statue, layout_basic,
          hellmonk_ecumenical_altar_run_dry, serial_rivers,
          chequers_serial_rivers_room_a, chequers_serial_rivers_room_a,
          chequers_serial_rivers_room_a, chequers_serial_rivers_small_3,
          chequers_serial_rivers_micro_c, chequers_serial_rivers_room_a
D:2:      layout_basic
D:3:      layout_loops_ring, nzn_wu_jian_contemplation,
          gammafunk_temple_overflow_pools, cheibrodos_sewer_entry_drain
D:4:      layout_cave_pools, lemuel_crystal_altar, uniq_grinder, uniq_natasha
D:5:      layout_loops_ring, temple_green, gammafunk_ghost_gnarly_gnolls,
          hangedman_abyss_or_decor_stagger
D:6:      layout_basic, nicolae_yredelemnul_ghost_church,
          nicolae_qazlal_eye_of_the_storm, minmay_misc_feat_pillars,
          uniq_sigmund
D:7:      layout_basic, kennysheep_little_box, ebering_ghost_reflecting_pool,
          serial_shops, nicolae_shop_behind_doors
D:8:      layout_gridville, lemuel_crystal_altar, serial_ice, serial_ice_m,
          serial_ice_a, serial_ice_h, serial_ice_b, serial_ice_g, serial_ice_j,
          serial_ice_n, serial_ice_c, serial_ice_f, serial_ice_e, uniq_pikel
D:9:      minmay_bloctagon_deflated, layout_long_grid,
          kennysheep_orc_sif_temple, evilmike_ruin_ashenzari, elyvilon_altar_3,
          enter_bailey_5
D:10:     layout_cross, kennysheep_mini_moat, minivault_10, uniq_nergalle

Skill      XL: |  1  2  3  4  5  6  7  8  9 10 11 |
---------------+----------------------------------+-----
Short Blades   | 3 4 5 6 7 9 10 12 | 12.2
Dodging        | 2 3 4 5 6 7 9 11 | 11.1
Stealth        | 6 7 8 9 10 12 13 | 13.8
Fighting       | 3 4 5 6 7 8 10 | 10.4
Shields        | 2 3 |  3.7
Armour         | 2 |  2.0
Throwing       | |  2.1

Action                   |  1- 3 |  4- 6 |  7- 9 | 10-12 || total
-------------------------+-------+-------+-------+-------++-------
Melee: Dagger            |    80 |   237 |   445 |   805 ||  1567
       Unarmed           |       |       |     8 |       ||     8
       Whip              |       |       |       |     1 ||     1
       Quick blade       |       |       |       |    61 ||    61
Throw: Dart              |     1 |    31 |    10 |    78 ||   120
Invok: Shadow Step       |       |       |       |     1 ||     1
Evoke: Condenser vane    |       |       |       |     1 ||     1
  Use: Scroll            |     2 |     6 |     7 |    14 ||    29
       Potion            |       |     1 |     5 |    12 ||    18
 Stab: Sleeping          |    17 |    33 |    34 |    41 ||   125
       Invisible         |       |       |       |     2 ||     2
       Distracted        |       |       |       |     3 ||     3
Armor: Robe              |     8 |    19 |       |       ||    27
       Leather armour    |       |     4 |    42 |   115 ||   161
Dodge: Dodged            |    31 |   166 |   365 |   536 ||  1098
Block: Buckler           |       |       |       |   268 ||   268

Table legend: (Time is in decaauts)
 A = Elapsed time spent in this place.
 B = Non-inter-level travel time spent in this place.
 C = Inter-level travel time spent in this place.
 D = Time resting spent in this place.
 E = Time spent auto-exploring this place.
 F = Levels seen in this place.
 G = Mean time per level.
                   A        B        C        D        E       F      G
               +--------+--------+--------+--------+--------+-----+--------+
         Total |  15854 |  15487 |    367 |   1744 |  10492 |  12 | 1321.2 |
       Dungeon |  13194 |  12827 |    367 |   1526 |   8825 |  10 | 1319.4 |
         Sewer |   1774 |   1774 |      0 |    187 |   1218 |   1 | 1774.0 |
        Bailey |    884 |    884 |      0 |     31 |    449 |   1 |  884.0 |
               +--------+--------+--------+--------+--------+-----+--------+

Top non-repeatable levels by time:
     D:8: 2339 daAuts
   Sewer: 1774 daAuts
     D:5: 1685 daAuts
     D:6: 1628 daAuts
     D:7: 1414 daAuts
     D:1: 1280 daAuts
     D:2: 1254 daAuts
     D:4: 1152 daAuts
     D:3: 903 daAuts
  Bailey: 884 daAuts
     D:9: 783 daAuts
    D:10: 754 daAuts
